[Event "FIDE World School-ch O-17 2025"]
[Site "Vrnjacka Banja"]
[Date "2025.03.26"]
[Round "7.1"]
[White "Ljepic, Andrej"]
[Black "Bogdanov, Artyom"]
[Result "1/2-1/2"]
[Annotator "TA"]
[ECO "C58"]
[WhiteElo "2337"]
[BlackElo "2373"]
[PlyCount "198"]
[EventDate "2025.03.19"]
[EventType "swiss"]
[EventCountry "SRB"]
[SourceTitle "playchess.com"]
[Source "ChessBase"]
[SourceQuality "1"]
[TimeControl "5400+30"]

1. e4 e5 2. Nf3 Nc6 3. Bc4 Nf6 4. Ng5 d5 5. exd5 Na5 6. Bb5+ c6 7. dxc6 bxc6 8. Bd3 Nd5 {[%emt 0:00:07] C58: Two Knights: 4 Ng5 d5 5 exd5 Na5 sidelines.} 9. Nf3 (9. Nxh7 Nf4 10. Be4 Rxh7 $17) 9... Bd6 10. O-O Nf4 {[%emt 0:00:32] White has an edge.} 11. Re1 Nxd3 12. cxd3 {[%emt 0:00:07][%cal Od3d4] Threatens to win with d4!.} O-O {[%emt 0:01:06] Black sacrificed a pawn} 13. Nc3 Re8 14. b3 c5 15. Ne4 {[%emt 0:04:38] 15.Ne4 was played by the boomers.} Bf8 16. Ba3 Nc6 17. Rc1 Nb4 $1 18. Bxb4 cxb4 19. Ng3 Bb7 20. Nxe5 Qa5 21. d4 $146 (21. Qh5 $5 Qd5 22. Qf3 $11) (21. Nc4 Rxe1+ 22. Qxe1 Qxa2 23. Ra1 Qxb3 24. Na5 Qd5 25. Qe4 Re8 26. Qxd5 Bxd5 27. Nc4 b3 28. Rb1 Rb8 29. Ne2 Bc5 30. Nc1 b2 {0-1 Krueger,R (1930)-Florstedt,J (2232) Berlin Lichtenberger op 16th 2017 (5)}) 21... f6 $1 22. Nd3 Qd5 $40 {[%emt 0:05:27][%csl Gb7][%cal Rd5g2][%mdl 128] Black is up to no good.} 23. Qf3 Qxf3 24. gxf3 Bxf3 25. Re3 Bd5 26. Nf4 Bf7 27. d5 Red8 28. Ne6 (28. Rd3 $11 {remains equal.}) 28... Rxd5 $17 29. Nxf8 Kxf8 30. d3 Rad8 31. Rc7 R5d7 {[%emt 0:05:12] Prevents Re7.} 32. Rxd7 Rxd7 {[%emt 0:00:06][%mdl 4096] Endgame KRB-KRN} 33. f4 a5 34. Ne4 Rc7 (34... Bg6 $17 35. Kf2 Rd5) 35. Re2 $1 $15 Rc6 36. Kf2 f5 37. Ng3 g6 38. Ke3 Ke7 39. Kd4+ Kd6 40. Nf1 Kd7 41. Ng3 Rd6+ 42. Ke3 a4 43. bxa4 (43. Rb2 $15) 43... Ra6 $17 44. Rb2 Rxa4 45. Ne2 Bxa2 (45... Rxa2 46. Rxb4 Kc7 47. Rb1 $11) 46. Nd4 Bd5 47. h4 Kd6 48. h5 b3 (48... gxh5 49. Nxf5+ Kd7 50. Kd4 $17) 49. hxg6 hxg6 50. Rb1 (50. Nxb3 $2 Rb4 51. Rb1 Rxb3 $19 (51... Bxb3 $2 52. Ke2 $19)) 50... Rb4 51. Rb2 $2 (51. Ne2 $17) 51... Kc5 $19 52. Ne2 Rb7 53. Nc3 Bf7 54. Kd2 Kb4 55. Rb1 Rc7 56. Na2+ Kb5 $1 57. Nc3+ {[%emt 0:00:17] [#]} Kc5 $1 58. Ra1 {[%emt 0:00:08] [#]} Rb7 $1 59. Ra5+ Kc6 60. Ra6+ Kd7 61. Ra1 Be6 (61... Ke6 $142 62. Rb1 Kf6) 62. Rg1 $17 Bf7 (62... Rb4 $142 63. Rxg6 Rxf4 64. Rg7+ Kd6) 63. Ra1 $1 Ke7 64. Ke3 Rb4 65. Ra7+ Kf6 66. Ra6+ Kg7 67. Ra1 Be6 (67... b2 68. Rb1 $15) 68. Ra6 Kf7 69. Ra1 Kf6 70. Rg1 Rb8 71. Kd2 Rh8 72. Ke3 (72. Ne2 $17 {might work better.}) 72... Bf7 (72... Rh3+ $19 73. Kd2 Rh2+ 74. Ne2 Bd5) 73. Kd4 Rd8+ 74. Ke3 Be6 75. Rh1 Bg8 76. Ra1 Rd6 (76... Rb8 $17 {Strongly threatening ...Be6.} 77. Rb1 g5 78. fxg5+ Kxg5 79. Rg1+ Kf6) 77. Rh1 (77. Ra8 $15 Bf7 78. Rb8) 77... Bf7 78. Rg1 Rd7 79. Ra1 Rd6 {[%emt 0:00:36] Wards off Ra6} 80. Rg1 $1 Ra6 81. Kd2 Ra7 82. Ke3 Ra8 83. Kd4 Rb8 84. Ra1 Rd8+ 85. Ke3 Rd7 86. Rg1 Rd6 87. Rg2 Re6+ 88. Kd2 Ra6 89. Rg1 $1 Ke7 90. Rh1 Kd6 ({Black should try} 90... Rc6 91. Re1+ Kf6) 91. Rh7 (91. Rc1 $142) 91... Be6 (91... Ke6 $17 {next ...Kf6 is good for Black.} 92. Rh1 Kd7) 92. Rg7 (92. Rb7 $11) 92... Kc5 (92... Rb6 $1 $15) 93. Rxg6 ({Better is} 93. Rc7+ $11 Kb6 94. Re7) 93... Rc6 94. Rg7 Kb4 (94... Bc8 $1 $15) 95. Rb7+ $11 {[%emt 0:00:08] The position is equal.} Ka3 96. Ra7+ Kb2 97. Nd1+ Kb1 98. Nc3+ Kb2 99. Nd1+ Kb1 {[%emt 0:00:03] Whites escaped into a draw.   Weighted Error Value: White=0.15 (very precise) /Black=0.09 (flawless)   Loses game:     	White=1     	---        Mistake:       	White=7     	Black=9      Inaccurate:     	White=4     	Black=3      OK:         	White=33    	Black=31     Best:        	White=9     	Black=5      Strong:       	White=4     	Black=3} 1/2-1/2

[Event "FIDE World School-ch O-17 2025"]
[Site "Vrnjacka Banja"]
[Date "2025.03.26"]
[Round "7.2"]
[White "Kazhmuratov, Altair"]
[Black "Taran, Egor A"]
[Result "1/2-1/2"]
[Annotator "NA RC"]
[ECO "D18"]
[WhiteElo "1971"]
[BlackElo "1961"]
[PlyCount "108"]
[EventDate "2025.03.19"]
[EventType "swiss"]
[EventCountry "SRB"]
[SourceTitle "playchess.com"]
[Source "ChessBase"]
[SourceQuality "1"]
[TimeControl "5400+30"]

1. c4 c6 2. d4 d5 3. Nf3 Nf6 4. Nc3 dxc4 5. a4 Bf5 6. e3 e6 7. Bxc4 Bb4 8. O-O Nbd7 9. Nh4 O-O 10. Nxf5 exf5 11. Qb3 a5 12. Na2 Bd6 13. g3 Nb6 14. Bd3 g6 15. Nc3 Qc7 16. e4 fxe4 17. Nxe4 Nxe4 18. Bxe4 Rfe8 19. Bf3 Bb4 20. Bf4 Qd7 21. Be5 Nd5 22. Bxd5 Qxd5 23. Qxd5 cxd5 24. Rfc1 Rac8 25. Kf1 f5 26. Ke2 Kf7 27. Kd3 Ke6 28. h4 h5 29. f3 Kd7 30. Rxc8 Rxc8 31. Rg1 Be7 32. Re1 Rc4 33. b3 Rb4 34. Kc2 Rb6 35. Bf4 Re6 36. Re5 Rxe5 37. dxe5 Ke6 38. Bd2 Bc5 39. Kd3 Bf2 40. Bf4 Bb6 41. Kc3 Bc7 42. Kd4 b6 43. g4 fxg4 44. fxg4 hxg4 45. Bg3 Bd8 46. Ke3 Bc7 47. Kd4 Bb8 48. Bf4 Ba7 49. Kd3 Bb8 50. Kd4 Bc7 51. Bg3 Bd8 52. Ke3 Bc7 53. Kd4 Bd8 54. Ke3 Be7 1/2-1/2

[Event "FIDE World School-ch O-17 2025"]
[Site "Vrnjacka Banja"]
[Date "2025.03.26"]
[Round "7.3"]
[White "Orgilon Batsaikhan"]
[Black "Topuz, Mirac Melih"]
[Result "0-1"]
[Annotator "NA RC"]
[ECO "C63"]
[WhiteElo "2024"]
[BlackElo "2113"]
[PlyCount "60"]
[EventDate "2025.03.19"]
[EventType "swiss"]
[EventCountry "SRB"]
[SourceTitle "playchess.com"]
[Source "ChessBase"]
[SourceQuality "1"]
[TimeControl "5400+30"]

1. e4 e5 2. Nf3 Nc6 3. Bb5 f5 4. Qe2 fxe4 5. Qxe4 Nf6 6. Qe2 Be7 7. Bxc6 dxc6 8. Nxe5 O-O 9. O-O Bf5 10. d3 c5 11. Nc3 Bd6 12. Bg5 b5 13. Rae1 Qe8 14. f4 b4 15. Nb1 Qa4 16. b3 Qxa2 17. g4 Be6 18. f5 Bd5 19. Bxf6 gxf6 20. Nd7 Rf7 21. Nxf6+ Rxf6 22. g5 Rff8 23. g6 Qb2 24. c3 Qxe2 25. Rxe2 Bxb3 26. c4 Ba4 27. Nd2 hxg6 28. Rg2 Bc6 29. Rxg6+ Kf7 30. h4 Rh8 0-1

[Event "FIDE World School-ch O-17 2025"]
[Site "Vrnjacka Banja"]
[Date "2025.03.26"]
[Round "7.4"]
[White "Panda, Barnabas"]
[Black "Elmirzaev, Khondamir"]
[Result "0-1"]
[Annotator "TA"]
[ECO "D53"]
[WhiteElo "2147"]
[BlackElo "2036"]
[PlyCount "120"]
[EventDate "2025.03.19"]
[EventType "swiss"]
[EventCountry "SRB"]
[SourceTitle "playchess.com"]
[Source "ChessBase"]
[SourceQuality "1"]
[TimeControl "5400+30"]

1. d4 d5 2. c4 e6 3. Nf3 a6 4. Bg5 Nf6 5. e3 Be7 6. Nc3 dxc4 7. Bxc4 b5 {[%emt 0:00:13] D53: Queen's Gambit Declined: 4 Bg5 Be7: Early deviations.} 8. Bd3 Bb7 9. e4 Nbd7 {[%emt 0:06:46] The position is equal.} 10. Qe2 (10. e5 $11) 10... h6 ({Better is} 10... c5 $15) 11. Bxf6 $11 Bxf6 12. O-O $146 ({Predecessor:} 12. e5 Be7 13. a4 O-O 14. O-O c5 15. axb5 Bxf3 16. Qxf3 cxd4 17. Qe4 g6 18. Qxd4 {½-½ Indjic,A (2536)-Miladinovic,I (2556) BIH-chT 12th 2013 (3.5)}) 12... Be7 13. Rfd1 O-O 14. Rac1 Qe8 15. e5 c5 16. Be4 Bxe4 17. Qxe4 c4 $1 18. d5 Nc5 19. Qe3 exd5 20. Nxd5 Nd3 21. Nc7 {[%emt 0:02:59] A dynamic duo of knights.} Qc8 (21... Qb8 {simplifies} 22. Rxd3 Qxc7 23. Rd5 Rad8) 22. Nxa8 (22. Rxd3 $11 {remains equal.} Qxc7 23. Qe4) 22... Bc5 $1 $17 {[%emt 0:00:53] Black is more active.} (22... Nxc1 23. Nb6 Qe6 24. Rxc1 $16) 23. Nd4 {[%emt 0:01:29] aiming for Rxd3.} Nxc1 (23... Qxa8 $2 {loses.} 24. Rxd3 cxd3 25. Rxc5 $18) 24. Qxc1 Qxa8 25. Nf3 Rd8 {[%emt 0:00:47] Inhibits Qd2.} 26. h3 Rxd1+ 27. Qxd1 {[%emt 0:00:06][%mdl 4096] Endgame KQB-KQN} Qe4 28. Qd8+ Kh7 29. Qc8 (29. Qd1 $17) 29... Qb1+ $19 30. Kh2 Bxf2 31. Qxa6 $2 (31. Qd7) 31... Qg6 $2 (31... Qxb2 32. Qb7 Qb1 (32... Qxa2 33. Qxf7 Qa6 34. e6 $15) 33. Qxf7) (31... Be3 $19 32. Qa3 Bf4+ 33. g3 b4 (33... Qc2+ $2 34. Kg1 $19) 34. Qxb4 Qc2+ 35. Kh1 Qd1+ (35... Bxg3 36. Qd2 $17) 36. Ne1 Bxg3 (36... Bxe5 $2 37. Kh2 $19)) 32. Qxg6+ $1 $15 Kxg6 {[%emt 0:00:07] KB-KN} (32... fxg6 $17 33. g3 Kg8) 33. g4 $1 Be3 34. Kg2 Bc1 35. b3 c3 36. Nd4 (36. Ne1 $15) 36... Bf4 $1 $17 37. a4 bxa4 38. bxa4 Bxe5 39. Nc2 {[%emt 0:00:06] [#]} (39. Ne2 $17) 39... Bc7 $1 $19 40. Kf3 {[%emt 0:00:37] [#]} Kg5 $1 41. Ne1 g6 ({But not} 41... Kh4 42. Kg2 Kg5 43. Kf3 $19) 42. Nc2 Kh4 43. Kg2 h5 44. gxh5 Kxh5 (44... gxh5 $2 45. Nd4 Kg5 46. Kf3 $17) 45. Kf3 Kh4 46. Kg2 Kg5 47. Kf3 Kh4 48. Kg2 Bb6 49. Ne1 Kg5 50. Kf3 Kf5 51. Nc2 (51. Nd3 $142) 51... Ke5 52. Ke2 $2 (52. a5 Bxa5 53. Ke3) 52... Ke4 53. Na3 Ba5 {[%emt 0:00:50] ...f5 is the strong threat.} 54. Nc2 f5 55. Ne3 f4 56. Nc2 f3+ 57. Kf1 Bb6 58. Na3 Bc5 (58... Kd3 $142 59. a5 Bc5 (59... Bxa5 $2 60. Kf2 $19) 60. a6 Bxa3 61. Kf2 c2 (61... Ke4 62. Kg3 Bc5 63. Kg4 f2 64. a7 Bxa7 65. Kg5 f1=Q 66. Kxg6 c2 67. h4 Bd4 68. Kh6 c1=Q+ 69. Kh7 Qf7#) 62. Kxf3 c1=Q (62... c1=R $2 63. a7 $19) 63. Kf2 Bc5+ 64. Kg2 Qg1+ 65. Kf3 Bd6 66. h4 Qg3#) 59. Nc2 Kd3 60. Ne1+ Ke3 {[%emt 0:00:12] Weighted Error Value: White=0.55/Black=0.34  Loses game:     	White=1     	---        Missed win:     	---       	Black=1      Mistake:       	White=7     	Black=2      Inaccurate:     	White=5     	Black=1      OK:         	White=13    	Black=14     Best:        	White=2     	Black=7      Strong:       	White=2     	Black=5} (60... Kc4 $142 61. Nc2 f2) 0-1

[Event "FIDE World School-ch O-17 2025"]
[Site "Vrnjacka Banja"]
[Date "2025.03.26"]
[Round "7.5"]
[White "Brankovic, Uros"]
[Black "Milanovic, Marko"]
[Result "1-0"]
[Annotator "TA"]
[ECO "C45"]
[WhiteElo "1966"]
[BlackElo "2271"]
[PlyCount "135"]
[EventDate "2025.03.19"]
[EventType "swiss"]
[EventCountry "SRB"]
[SourceTitle "playchess.com"]
[Source "ChessBase"]
[SourceQuality "1"]
[TimeControl "5400+30"]

1. e4 e5 2. Nf3 Nc6 3. d4 exd4 4. Nxd4 Nf6 5. Nxc6 bxc6 6. Bd3 d5 7. exd5 cxd5 8. O-O Be7 9. c4 d4 {[%emt 0:02:02] C45: Scotch Game.} 10. Bg5 O-O 11. Nd2 Bb7 {[%emt 0:04:48] The position is equal.} 12. Re1 h6 13. Bxf6 Bxf6 {[%emt 0:00:55] Black is weak on the light squares} 14. b4 a5 15. b5 Be7 $146 ({Predecessor:} 15... Qd6 16. Be4 c6 17. Rc1 Qc7 18. a4 Rad8 19. Qf3 Bg5 20. Rcd1 Rfe8 21. g3 Bxd2 22. Rxd2 cxb5 23. cxb5 Bxe4 24. Rxe4 Rxe4 25. Qxe4 Qc1+ 26. Qe1 Qxe1+ {0-1 Jovanovic,Z (2520)-Abdurakhmanov,M (2284) Titled Tuesday intern op 26th May blitz 2020 (5)}) 16. Qg4 {[%emt 0:00:00] White is more active.} (16. Be4 $14 Bxe4 17. Rxe4) 16... Bb4 $11 {[%emt 0:10:52] A strong pair of Bishops.} 17. Rad1 (17. Re2 f5 18. Qh5 Qf6 19. a3) 17... Qd6 18. Qg3 (18. Re2 {feels hotter.} Rae8 19. Nb3 Bc3 20. Qg3) 18... Qxg3 19. hxg3 Rae8 (19... a4) 20. Rxe8 Rxe8 21. Nb3 Bc3 22. a4 g6 23. Nc5 Ba8 24. Na6 Re7 25. Rb1 Be4 26. Nc5 Ba8 27. Kf1 f5 {[%emt 0:01:08] [#]} 28. g4 $1 fxg4 29. Bxg6 Kg7 30. Bd3 h5 31. Kg1 (31. g3 $11 {should be considered.}) 31... Kf6 (31... h4 $15) 32. Na6 (32. b6 $14 cxb6 33. Rxb6+ Kf7 34. Bg6+ Kg7 35. Bxh5) 32... h4 $17 33. c5 Bd5 (33... Bb7 $1 $15) 34. b6 $1 $11 cxb6 35. Rxb6+ Kg5 36. Rg6+ Kh5 37. Rd6 $1 Be4 38. Bxe4 Rxe4 {[%emt 0:00:02][%mdl 4096] Endgame KRB-KRN} 39. Rd5+ Kg6 {[%emt 0:00:10] ( -> ...g3)} 40. Kh2 (40. c6 g3 41. Rd6+ Kf5 42. fxg3 hxg3 43. Rd5+ Kg4) (40. g3 $1 $11) 40... Be1 (40... d3 {simplifies} 41. Rxd3 Be5+ 42. g3 hxg3+ 43. fxg3 Rxa4 44. Rd5 Ra2+) 41. g3 Bxf2 42. gxh4 g3+ (42... Bxh4 $15 43. c6 Re2+ 44. Kh1 Rc2) 43. Kg2 $1 d3 (43... Rxh4 $2 44. c6 Rh2+ 45. Kf3 $18) (43... Re2 $11) 44. Rxd3 ({White should play} 44. c6 $16 {c7 would now be deadly.} Bb6 45. c7 (45. Kxg3 Rc4 $14) 45... Bxc7 46. h5+ (46. Nxc7 Rxh4 47. Kxg3 Rxa4 $14) 46... Kh6 47. Nxc7) 44... Rc4 $132 {[%emt 0:00:29][%cal Og6h5][%mdl 2048] Black has counterplay} 45. Rd5 Rc2 46. Kh3 Be1 (46... Kf6 $11) 47. Re5 Rh2+ 48. Kg4 Bf2 49. Kf3 Rxh4 50. c6 Rc4 $2 {[%emt 0:00:45][%mdl 8192] This move loses the game for Black.} (50... Rxa4 $2 51. c7 Rc4 52. Nc5 Rc3+ (52... Rxc5 $2 53. Rxc5 Bxc5 54. c8=Q $18) 53. Kg2 Rxc5 54. Rxc5 Bxc5 55. c8=Q $18 (55. c8=B $2 Bd6 $19)) ({Better is} 50... Bb6 $1 $14) 51. c7 $18 Rc3+ {[%emt 0:00:22] [#]} 52. Kg2 $1 Rc2 {[%emt 0:00:33] [#] and ...Bd4+ should not be overlooked} 53. Re2 $3 Rxe2 (53... Rc1 54. Re8) 54. c8=Q {[%emt 0:00:04] Inhibits Rc2.} (54. c8=R $2 {too greedy.} Re4 55. Rc6+ Kf5 $19) 54... Be1+ 55. Kf1 Re5 56. Qg8+ Kf5 57. Qf7+ Kg4 58. Qg6+ Kf4 59. Qf6+ Rf5 60. Qd4+ Kf3 61. Kxe1 Rg5 62. Qd3+ Kg4 63. Kf1 Kh3 64. Qh7+ Kg4 65. Kg2 Kf4 {[%emt 0:00:00] Inhibits Qe4+.} 66. Nc7 Kg4 67. Qe4+ Kh5 68. Ne6 {[%emt 0:00:06] Weighted Error Value: White=0.18 (very precise) /Black=0.36  Loses game:     	---       	Black=1      Mistake:       	White=5     	Black=6      Inaccurate:     	White=4     	Black=6      OK:         	White=19    	Black=16     Best:        	White=5     	Black=3      Strong:       	White=4     	---        Brilliant:      	White=1     	---} 1-0

[Event "FIDE World School-ch O-17 2025"]
[Site "Vrnjacka Banja"]
[Date "2025.03.26"]
[Round "7.6"]
[White "Yildiz, Egehan"]
[Black "Andjelkovic, Aleksandar M"]
[Result "1/2-1/2"]
[Annotator "TA"]
[ECO "D32"]
[WhiteElo "2204"]
[BlackElo "1930"]
[PlyCount "132"]
[EventDate "2025.03.19"]
[EventType "swiss"]
[EventCountry "SRB"]
[SourceTitle "playchess.com"]
[Source "ChessBase"]
[SourceQuality "1"]
[TimeControl "5400+30"]

1. d4 d5 2. c4 e6 3. Nf3 c5 4. cxd5 exd5 5. Nc3 Nc6 6. dxc5 d4 7. Na4 $1 Bxc5 {[%emt 0:01:54] D32: Tarrasch Defence: Sidelines and lines without g3.} 8. Nxc5 Qa5+ 9. Qd2 Qxc5 {[%emt 0:00:05] White is slightly better.} 10. a3 {[%emt 0:00:02] 10.e3 might become the main line. Wards off Nb4} Nf6 11. b4 Qb6 12. Bb2 $36 {[%emt 0:04:23][%mdl 2048] White is pushing.} Bg4 $146 ({Black should play} 12... O-O $14) (12... O-O 13. Bxd4 Nxd4 14. Qxd4 Qc7 15. e3 Rd8 16. Qb2 a5 17. b5 Bg4 18. Be2 Ne4 {½-½ Borges Feria,Y (2439)-Lacasa Diaz,J (2372) Titled Tuesday intern op 17th Jan Early blitz 2023 (2)}) 13. Bxd4 Nxd4 14. Qxd4 Bxf3 15. Qe5+ (15. Qxb6 {simplifies} axb6 16. exf3 O-O 17. Bd3) 15... Kf8 16. gxf3 (16. exf3 $2 Re8 $19) 16... a5 17. b5 h5 18. Rc1 h4 19. Qc5+ Qxc5 {[%emt 0:00:02] [#]} 20. Rc2 {[%mdl 8192] [#]} Qc4 $2 21. Rxc4 $14 Rc8 $2 {[%emt 0:22:13][%mdl 8192] [#] Repels Rc7} 22. Rc5 $4 Rd8 $2 (22... Rxc5 $19 23. f4 Rxb5 (23... Rc1+ $2 24. Kd2 $19)) 23. e3 $16 Rh5 24. Rxh5 Nxh5 {[%emt 0:00:00][%mdl 4096] Endgame KRB-KRN. White is a pawn up.} 25. Rg1 Rd5 (25... Nf6 $142) 26. Rg4 g5 27. Rc4 Ke7 28. Re4+ (28. b6 $18 {Threatens to win with Rc7+.} Kd6 29. Rc7) 28... Kd6 29. Bc4 Rf5 30. Ke2 Nf6 31. Rd4+ Ke7 32. a4 Nd7 33. Bd3 {[%emt 0:01:35] White is more active.} Rc5 34. f4 f6 35. fxg5 fxg5 36. f4 (36. Kd2 $16) 36... g4 $14 37. Kf2 (37. Re4+ $14 Kf7 38. Rd4) 37... Nf6 (37... Rc1 $11 {remains equal.}) 38. e4 Rc3 (38... g3+ $16 39. hxg3 h3) 39. e5 $18 Nd7 {[%emt 0:01:33] [#]} 40. Bf5 ({Better is} 40. Be2 $1 $16) 40... Nxe5 $1 $14 41. fxe5 {[%emt 0:04:38] KRB-KR} Rf3+ 42. Kg1 Rxf5 {[%emt 0:00:14] The position is equal.} 43. Rxg4 $11 {[%emt 0:00:02] KR-KR. White is a pawn up.} h3 44. Rg3 Rf4 45. Rxh3 Rxa4 46. Rh7+ Ke6 47. Rxb7 Rb4 48. b6 a4 49. Kg2 a3 50. Ra7 Rxb6 51. Rxa3 Kxe5 52. Rf3 Rg6+ 53. Kh3 Rh6+ 54. Kg2 Rg6+ 55. Kh1 Rf6 56. Ra3 Rg6 57. h3 Kf4 58. Kh2 Re6 59. Ra2 Re3 60. Rf2+ Kg5 61. Rf8 Rd3 62. Rg8+ Kh4 63. Rh8+ Kg5 64. h4+ Kg4 65. h5 Rh3+ 66. Kg2 Rxh5 {[%emt 0:00:08] Weighted Error Value: White=0.35/Black=0.53  Loses game:     	White=1     	---        Missed win:     	White=1     	Black=2      Mistake:       	White=4     	Black=4      Inaccurate:     	White=4     	Black=2      OK:         	White=16    	Black=26     Best:        	White=4     	Black=5      Strong:       	---       	Black=1} 1/2-1/2

[Event "FIDE World School-ch O-17 2025"]
[Site "Vrnjacka Banja"]
[Date "2025.03.26"]
[Round "7.7"]
[White "Adithya A Chullikkad"]
[Black "Rustamov, Bekzod"]
[Result "1-0"]
[Annotator "NA RC"]
[ECO "B38"]
[WhiteElo "2101"]
[BlackElo "1829"]
[PlyCount "75"]
[EventDate "2025.03.19"]
[EventType "swiss"]
[EventCountry "SRB"]
[SourceTitle "playchess.com"]
[Source "ChessBase"]
[SourceQuality "1"]
[TimeControl "5400+30"]

1. e4 c5 2. Nf3 g6 3. d4 cxd4 4. Nxd4 Bg7 5. c4 Nc6 6. Be3 Nf6 7. Nc3 O-O 8. Be2 d6 9. h3 Bd7 10. O-O a6 11. Rc1 Nxd4 12. Bxd4 Bc6 13. Qd3 Qa5 14. a3 b5 15. Nd5 Bxd5 16. cxd5 b4 17. axb4 Qxb4 18. Rc7 Rfe8 19. Rfc1 a5 20. R1c4 Qe1+ 21. Kh2 Bh6 22. g3 e5 23. dxe6 Rxe6 24. Rc8+ Rxc8 25. Rxc8+ Bf8 26. Qa6 Re8 27. Bf3 Rxc8 28. Qxc8 Nxe4 29. Be3 Nd2 30. Bg2 Nf1+ 31. Bxf1 Qxf1 32. Qa8 Qe1 33. Kg2 Qb4 34. b3 h5 35. h4 f5 36. Kh2 Kg7 37. Qd5 Qc3 38. Bd4+ 1-0

[Event "FIDE World School-ch O-17 2025"]
[Site "Vrnjacka Banja"]
[Date "2025.03.26"]
[Round "7.8"]
[White "Amankos, Zhanbolat"]
[Black "Zdravkovic, Filip"]
[Result "0-1"]
[Annotator "NA RC"]
[ECO "D00"]
[WhiteElo "1954"]
[BlackElo "1963"]
[PlyCount "104"]
[EventDate "2025.03.19"]
[EventType "swiss"]
[EventCountry "SRB"]
[SourceTitle "playchess.com"]
[Source "ChessBase"]
[SourceQuality "1"]
[TimeControl "5400+30"]

1. d4 Nf6 2. Bg5 g6 3. Bxf6 exf6 4. e3 d5 5. Ne2 Bd6 6. Nd2 Nd7 7. g3 c6 8. Bg2 Nb6 9. Rc1 Be6 10. c3 h5 11. h4 O-O 12. O-O Kg7 13. Nf4 Bxf4 14. exf4 Re8 15. Re1 Bg4 16. Qb3 Qd7 17. a4 Rxe1+ 18. Rxe1 Re8 19. Re3 Rxe3 20. fxe3 Be2 21. Kf2 Qg4 22. Nf3 Ba6 23. Qc2 Nc4 24. Nd2 Nxe3 25. Bf3 Qxf3+ 26. Kxf3 Nxc2 27. Kf2 b6 28. b3 c5 29. dxc5 bxc5 30. Kf3 d4 31. cxd4 Nxd4+ 32. Ke4 Bb7+ 33. Kd3 Bd5 34. b4 Nf5 35. b5 Nxg3 36. Nc4 Nf5 37. a5 Nxh4 38. Ne3 Bb7 39. Kc4 Ng2 40. Nf1 Nxf4 41. Kxc5 Ne6+ 42. Kd6 g5 43. Ne3 Kg6 44. b6 axb6 45. axb6 h4 46. Ke7 f5 47. Nc4 h3 48. Ne5+ Kg7 49. Nxf7 h2 50. Kxe6 h1=Q 51. Nd6 Qd5+ 52. Ke7 Bc6 0-1